Map: Triton LE

Players

Denver - Winner!

  • Race: Zerg Zerg
  • Spawn Location: 5:00

Stephano

  • Race: Zerg Zerg
  • Spawn Location: 11:00

VOD

Have the link to the VOD?

Description

Time

  • Played on: Sept. 6, 2019, 5:13 p.m.
  • Length: 12:52
Show
View Real Time Build Order
Export as new Build Order

Denver Zerg - Winner!

Build Orders: Hatch First 

Get SALT Encoding   

  12  0:00  Drone  
  13  0:12  Overlord  
  13  0:16  Drone  
  14  0:31  Drone x2  
  16  0:48  Hatchery  
  15  0:51  Drone  
  15  0:54  Drone  
  17  0:59  Drone  
  18  1:08  Extractor  
  17  1:13  Spawning Pool  
  17  1:17  Drone  
  17  1:19  Drone  
  18  1:28  Drone  
  19  1:38  Drone  
  20  1:49  Drone  
  21  2:00  Drone, Queen x2  
  26  2:01  Overlord  
  26  2:08  Metabolic Boost  
  26  2:10  Zergling x2  
  26  2:12  Zergling x2  
  28  2:28  Hatchery  
  28  2:29  Drone  
  28  2:32  Drone  
  28  2:35  Drone  
  28  2:36  Drone  
  31  2:43  Baneling Nest  
  30  2:45  Drone  
  30  2:49  Drone  
  32  2:53  Overlord  
  32  3:00  Drone  
  32  3:06  Zergling x4  
  32  3:09  Overlord  
  32  3:10  Drone  
  35  3:13  Zergling x6  
  35  3:17  Zergling x2  
  39  3:21  Drone x2  
  41  3:27  Baneling x2  
  41  3:28  Queen  
  41  3:31  Drone  
  44  3:35  Drone  
  45  3:42  Evolution Chamber, Drone x2  
  45  3:43  Drone  
  45  3:45  Baneling  
  45  3:46  Drone  
  45  3:47  Drone  
  50  3:48  Drone  
  50  3:50  Drone  
  49  4:02  Drone  
  49  4:03  Drone x4  
  49  4:08  Zergling x2  
  49  4:09  Zerg Missile Weapons Level 1  
  52  4:11  Zergling x2  
  52  4:13  Zergling x2  
  53  4:17  Zergling x6  
  53  4:19  Overlord x2  
  55  4:26  Extractor  
  55  4:29  Baneling x2  
  55  4:30  Overlord  
  52  4:35  Drone x3  
  52  4:37  Roach Warren  
  54  4:43  Drone  
  54  4:44  Drone x6  
  59  4:45  Drone  
  59  4:46  Drone  
  59  4:52  Zergling x6  
  62  4:56  Lair  
  62  4:58  Drone  
  63  5:02  Zergling x2  
  63  5:05  Drone  
  63  5:10  Zergling x4  
  65  5:15  Extractor  
  65  5:17  Overlord  
  65  5:20  Roach, Baneling  
  65  5:21  Baneling x2  
  65  5:23  Overlord  
  65  5:25  Spore Crawler, Extractor  
  65  5:26  Extractor, Spine Crawler  
  65  5:27  Roach x2  
  66  5:34  Queen  
  63  5:35  Roach  
  63  5:36  Roach  
  63  5:37  Zergling x12  
  71  5:46  Zergling x4  
  72  5:51  Baneling x2  
  72  5:53  Drone x4  
  70  5:59  Drone  
  70  6:00  Drone x5  
  70  6:04  Baneling  
  70  6:08  Drone x3  
  70  6:09  Glial Reconstitution  
  75  6:11  Roach  
  75  6:12  Drone  
  75  6:21  Drone  
  78  6:25  Roach  
  78  6:26  Roach  
  78  6:32  Roach x4  
  86  6:35  Overlord x2  
  86  6:38  Zergling x12  
  89  6:44  Overlord  
  88  6:47  Overseer  
  88  6:49  Roach  
  88  6:50  Overlord x2  
  90  6:56  Zerg Ground Armor Level 1  
  90  6:59  Drone x2  
  92  7:07  Roach x5  
  98  7:09  Overlord  
  98  7:13  Baneling x2  
  93  7:17  Roach  
  93  7:18  Roach x3  
  93  7:21  Drone  
  93  7:22  Drone x2  
  104  7:26  Queen  
  106  7:32  Drone  
  106  7:33  Drone x4  
  111  7:43  Queen  
  111  7:46  Queen  
  107  7:52  Drone x5  
  107  7:54  Tunneling Claws, Extractor  
  104  8:02  Burrow  
  108  8:12  Roach  
  108  8:13  Roach x7  
  108  8:16  Overlord  
  112  8:20  Hatchery  
  105  8:27  Spore Crawler  
  105  8:28  Spore Crawler  
  105  8:30  Spore Crawler x2  
  105  8:31  Spore Crawler  
  105  8:32  Spore Crawler  
  97  8:39  Queen x2  
  95  8:45  Infestation Pit  
  94  8:50  Roach x6  
  94  8:51  Spore Crawler  
  94  8:54  Zerg Missile Weapons Level 2  
  105  8:56  Drone  
  102  9:08  Roach x4  
  106  9:13  Queen  
  106  9:15  Pneumatized Carapace  
  108  9:20  Overlord x3  
  108  9:24  Overlord  
  108  9:29  Overlord  
  108  9:30  Roach x3  
  102  9:31  Roach x2  
  102  9:38  Roach x2  
  102  9:44  Infestor x7  
  116  9:48  Roach x2  
  116  9:51  Queen x2  
  116  9:57  Roach x4  
  118  10:00  Queen, Roach x5  
  118  10:04  Queen x2  
  114  10:07  Roach  
  114  10:10  Roach  
  114  10:11  Roach x3  
  114  10:14  Overlord, Spore Crawler x2  
  120  10:16  Spore Crawler  
  117  10:24  Roach x6  
  117  10:26  Roach x3  
  123  10:31  Roach x2  
  123  10:32  Roach x2  
  123  10:35  Overlord, Queen  
  125  10:40  Queen  
  121  10:51  Roach x3  
  121  10:53  Overlord  
  121  10:56  Overlord, Roach x4  
  125  10:58  Overlord  
  125  11:00  Overlord  
  125  11:03  Infestor x3  
  128  11:09  Roach x3  
  128  11:10  Roach, Infestor x5  
  132  11:18  Drone  
  132  11:19  Drone x6  
  132  11:24  Roach x2  
  132  11:25  Roach  
  145  11:28  Roach  
  145  11:29  Roach  
  149  11:36  Roach x3  
  149  11:39  Overlord  
  155  11:40  Overlord  
  155  11:50  Roach  
  155  11:51  Roach x2  
  141  12:02  Roach  
  141  12:03  Roach x11  
  141  12:07  Infestor  
  167  12:12  Overlord  
  167  12:17  Overlord x2  
  167  12:23  Roach x27  
  167  12:24  Overlord  
  167  12:25  Overlord  
  167  12:27  Roach  
  167  12:30  Spore Crawler x2  
  167  12:32  Roach x3  
  167  12:34  Spore Crawler  
Show
View Real Time Build Order
Export as new Build Order

Stephano Zerg 

Build Orders: Hatch First, Muta Ling Bane 

Get SALT Encoding   

  12  0:00  Drone  
  13  0:12  Overlord  
  13  0:17  Drone  
  14  0:30  Drone x2  
  16  0:47  Hatchery  
  15  0:51  Drone  
  15  0:54  Drone  
  17  0:57  Drone  
  18  1:08  Extractor  
  17  1:13  Spawning Pool  
  17  1:15  Drone  
  17  1:19  Drone  
  18  1:27  Drone  
  19  1:39  Drone  
  20  1:49  Drone  
  21  1:59  Queen x2  
  21  2:00  Overlord, Zergling x2  
  26  2:10  Drone x2  
  26  2:11  Metabolic Boost  
  28  2:22  Drone x2  
  30  2:32  Hatchery  
  29  2:41  Queen  
  29  2:43  Overlord  
  31  2:47  Zergling x2  
  32  2:52  Drone x2  
  34  3:00  Drone x2  
  36  3:06  Baneling Nest  
  36  3:07  Drone x2  
  36  3:11  Overlord  
  37  3:13  Drone x2  
  37  3:15  Drone  
  40  3:23  Drone  
  40  3:27  Overlord  
  40  3:29  Zergling x4  
  40  3:30  Zergling x2  
  43  3:38  Zergling x4  
  45  3:44  Queen  
  45  3:46  Zergling x6  
  50  3:50  Baneling x2  
  50  3:54  Zergling x10  
  55  4:02  Drone x3  
  55  4:05  Drone  
  55  4:07  Drone  
  55  4:13  Drone  
  57  4:17  Drone x2  
  57  4:21  Extractor  
  57  4:22  Lair, Extractor  
  57  4:23  Drone  
  53  4:32  Zergling x6  
  53  4:33  Roach Warren  
  53  4:34  Evolution Chamber  
  52  4:48  Zergling x8  
  54  4:55  Zergling x18  
  60  5:07  Zergling x6  
  60  5:11  Drone x3  
  64  5:16  Extractor  
  64  5:17  Baneling x2  
  64  5:19  Zerg Melee Weapons Level 1  
  64  5:20  Drone x3  
  64  5:21  Overlord  
  66  5:33  Drone  
  66  5:39  Baneling x2  
  66  5:41  Drone x3  
  66  5:42  Overlord  
  68  5:43  Drone x5  
  71  5:54  Zergling x8  
  70  5:57  Spire  
  70  6:01  Extractor  
  70  6:02  Zergling x14, Extractor  
  71  6:07  Overlord  
  71  6:12  Evolution Chamber  
  71  6:15  Zergling x4  
  72  6:22  Zergling x10  
  77  6:30  Drone x3  
  70  6:43  Zergling x14  
  70  6:45  Hatchery  
  73  6:51  Roach  
  73  6:52  Roach, Spine Crawler x2  
  75  7:06  Overlord  
  72  7:08  Mutalisk x4  
  72  7:12  Mutalisk  
  80  7:17  Mutalisk  
  80  7:22  Mutalisk x2  
  84  7:26  Zerg Flyer Weapons Level 1  
  86  7:30  Drone x2  
  88  7:41  Mutalisk x3  
  88  7:42  Mutalisk  
  83  7:49  Mutalisk  
  83  7:50  Mutalisk  
  84  7:56  Drone  
  84  8:01  Drone x4  
  84  8:03  Drone  
  84  8:04  Drone  
  89  8:09  Drone x3  
  87  8:12  Mutalisk  
  88  8:22  Zergling x2  
  88  8:23  Zergling x8  
  88  8:30  Drone x3  
  88  8:33  Mutalisk  
  93  8:35  Spore Crawler  
  92  8:42  Centrifical Hooks  
  92  8:44  Queen  
  92  8:46  Drone x2  
  96  8:59  Mutalisk  
  88  9:10  Mutalisk x2  
  88  9:11  Mutalisk x2  
  94  9:18  Zergling x4  
  96  9:31  Overseer  
  92  9:33  Overlord x2, Zergling x8  
  92  9:37  Queen  
  95  9:42  Mutalisk  
  95  9:44  Roach  
  96  9:46  Zergling x4  
  93  9:54  Mutalisk x2  
  93  9:55  Mutalisk x3  
  101  10:07  Overseer  
  100  10:17  Zergling x2  
  100  10:18  Zergling x10  
  100  10:35  Drone x3  
  99  10:49  Zergling x16  
  100  11:01  Zergling x10  
  100  11:14  Zergling x6  
  100  11:15  Overlord  
  100  11:18  Overseer, Baneling x7  
  103  11:19  Overseer  
  103  11:20  Baneling x7  
  103  11:21  Baneling x5  
  103  11:22  Baneling x4  
  103  11:30  Overseer  
  103  11:32  Queen  
  103  11:36  Baneling x3  
  83  12:00  Zergling x34  
  88  12:09  Mutalisk  
  88  12:16  Mutalisk x2  
  89  12:37  Baneling x5  
  89  12:40  Drone  
Tags
 
Add a new tag
Caveats
  • Supply blocks, unpowered buildings, or Contaminate may cause inaccurate times.
  • Supply counts are checked every 10 seconds.